 Dungeon Crawl Stone Soup version 0.32-a0-20-ge526923 (webtiles) character file.

Game seed: 13819257401751901954

109 danspanner the Conjurer (level 4, 0/4 HPs)
             Began as an Octopode Conjurer on Jan 17, 2024.
             Slain by an adder (2 damage)
             ... on level 3 of the Dungeon.
             The game lasted 00:09:16 (2743 turns).

danspanner the Conjurer (Octopode Conjurer)         Turns: 2743, Time: 00:09:17

Health: 0/4        AC:  1    Str: 16    XL:     4   Next: 90%
Magic:  8/8        EV:  8    Int: 22    God:
Gold:   201        SH:  0    Dex: 10    Spells: 4/8 levels left

rFire   + + .        b - melded +2 dagger (protect)
rCold   x . .        (shield currently unavailable)
rNeg    . . .        k - melded +2 hat
rPois   +            (no amulet)
rElec   .            (no ring)
rCorr   .            (no ring)
SInv    .            (no ring)
Will    .....        (no ring)
Stlth   ++           (no ring)
HPRegen 0.20/turn    (no ring)
MPRegen 0.11/turn    (no ring)
                     (no ring)

%: no passive effects
@: short of breath, dragon-form, flying
A: dragon claw, dragon scales, breathe fire, flying, reduced hp, almost no
armour, amphibious, 8 rings, giant, (camouflage 1), (gelatinous body 1), (nimble
swimmer 1), (tentacles)
a: Breathe Fire, Begin Untransformation


You were on level 3 of the Dungeon.
You were a fearsome dragon!
You visited 1 branch of the dungeon, and saw 3 of its levels.

You collected 201 gold pieces.

Inventory:

Hand Weapons
 b - a +2 dagger of protection (melded)
Armour
 k - a +2 hat (melded)
Talismans
 m - a dragon-blood talisman (active)
Scrolls
 c - 3 scrolls of silence
 d - 2 scrolls of teleportation
Potions
 a - a potion of magic
 e - 2 potions of lignification
 f - a potion of cancellation
 g - a potion of attraction {unknown}
 h - a potion of heal wounds {unknown}
 i - 3 potions of enlightenment {unknown}
 j - a potion of mutation {unknown}
 l - 2 potions of brilliance {unknown}
 n - a potion of might {unknown}


   Skills:
 + Level 2.8 Dodging
 + Level 4.0 Stealth
 + Level 2.8 Spellcasting
 + Level 4.6 Conjurations
 + Level 0.8 Alchemy
 + Level 0.0 Shapeshifting


You had 4 spell levels left.
You knew the following spells:

 Your Spells              Type           Power      Damage    Failure   Level
a - Magic Dart            Conj           92%        1d7       1%          1
b - Searing Ray           Conj           46%        2d6       3%          2
c - Sting                 Conj/Alch      56%        1d6       4%          1

Your spell library contained the following spells:

 Spells                   Type           Power      Damage    Failure   Level
 Mercury Vapours          Alch/Air       8%         N/A       16%         2
 Fulminant Prism          Conj/Alch      7%         3d6       38%         4
 Iskenderun's Mystic Bla  Conj/Tloc      13%        2d5       43%         4
 Olgreb's Toxic Radiance  Alch           6%         N/A       65%         4


Dungeon Overview and Level Annotations

Branches:
Dungeon (3/15)

Altars:
Lugonu

Portals:
Abyss: D:3


Innate Abilities, Weirdness & Mutations

You are a fearsome dragon!
You have a powerful clawing attack.
Your giant scaled body is strong and resilient, but less evasive.
You can breathe fire.
You are flying.
Your maximum health is decreased, since you lack skill for your form.
Your armour is entirely melded.
You are incapable of wielding weapons or throwing items.
You cannot wear most types of armour.
You are amphibious.
You can wear up to eight rings at the same time.
((Your skin changes colour to match your surroundings (Stealth+).))
((Your rubbery body absorbs attacks. (AC +1, EV +1)))
((You are camouflaged when in or above water. (Stealth+)))
((You have tentacles for arms and can constrict up to eight enemies at once.))


Message History

Casting: Searing Ray (safe; 3% risk of failure)
Confirm with . or Enter, or press ? or * to list all spells.
Aiming: Searing Ray (safe; 3% risk of failure)
Press: ? - help, Shift-Dir - straight line, f - adder
Aim: an adder (63% to hit)
The searing ray hits the adder.
The adder is moderately wounded. (Press . to maintain the ray.)
The searing ray hits the adder.
The adder is almost dead.
The searing ray hits the adder!
You kill the adder!
You begin transforming.
You continue transforming. x3
You turn into a fearsome dragon!
Your +2 dagger of protection melds into your body.
Your +2 hat melds into your body.
Your +2 dagger of protection goes still.
Okay, then.
Unknown command.
A rat comes into view.
The rat squeaks loudly.
You hit the rat.
You kill the rat!
You see here a rat corpse.
Found a stone staircase leading down.
n - a ruby potion An adder comes into view.
The adder hisses angrily.
The adder bites you.
Ouch! That really hurt!
You are too injured to fight recklessly!
You are too injured to fight recklessly!
Aiming: Breathe Fire (1% risk of failure)
Press: ? - help, Shift-Dir - straight line, f - adder
Aim: an adder (48% to hit)
You breathe a blast of fire.
The fiery breath hits the adder!
The adder is almost dead.
The adder bites you.
Ouch! That really hurt!
You die...

#.###.# #.# ##...## #
##...## #.# ##+## #
###.## #.# #.# #
###.# #.# #.# ######
....# #.# ###
##.###..... ##### #.#
##.###...##.#### #
#.# ##.#.#.....#.##.#
#
#.###.###.#...##.#.#.
# #...D##
##.#.###..### #
#####S###.######.#.#.
# #.#............#
#☼########..... ###
######


You could see an adder.

Vanquished Creatures
  An orc priest (D:3)
  2 adders
  2 dart slugs
  2 orcs (D:3)
  7 endoplasms
  2 giant cockroaches
  3 goblins
  5 hobgoblins
  3 quokkas
  6 ball pythons
  6 bats
  2 frilled lizards
  5 kobolds
  8 rats
  2 lurking horrors (D:3)
56 creatures vanquished.

Notes
Turn   | Place    | Note
-------+----------+-------------------------------------------
     0 | D:1      | danspanner the Octopode Conjurer began the quest for the
                  | Orb.
     0 | D:1      | Reached XP level 1. HP: 11/11 MP: 3/3
   378 | D:1      | Reached XP level 2. HP: 17/17 MP: 5/5
   554 | D:1      | Learned a level 2 spell: Searing Ray
   907 | D:1      | Reached XP level 3. HP: 21/21 MP: 6/6
  1899 | D:3      | Reached XP level 4. HP: 27/27 MP: 7/7
  2063 | D:3      | Found a corrupted altar of Lugonu.
  2068 | D:3      | Found a one-way gate to the infinite horrors of the Abyss.
  2264 | D:3      | Learned a level 1 spell: Sting
  2743 | D:3      | Slain by an adder

Illustrated notes

Levels and vault maps discovered:
D:1:      lightli_arrival_farm, layout_basic
D:2:      layout_basic, minmay_heptomino_h4
D:3:      cheibrodos_pilgrimage, layout_loops_corners,
          amcnicky_altar_lugonu_corruption

Skill      XL: |  1  2  3  4 |
---------------+-------------+-----
Stealth        | 3 4 |  4.0
Dodging        | |  2.8
Spellcasting   | |  2.8
Conjurations   | |  4.6
Alchemy        | |  0.8

Action                     |  1- 3 |  4- 6 || total
---------------------------+-------+-------++-------
  Melee: Dagger            |    42 |    14 ||    56
         Constrict         |     7 |     4 ||    11
         Tentacles         |     8 |     2 ||    10
         Punch             |     2 |       ||     2
         Unarmed           |       |     1 ||     1
   Cast: Magic Dart        |    15 |     5 ||    20
         Searing Ray       |     4 |     3 ||     7
Ability: Breathe Fire      |       |     1 ||     1
    Use: Scroll            |    11 |     1 ||    12
   Stab: Sleeping          |    11 |     2 ||    13
 Armour: Skin              |    13 |     6 ||    19
  Dodge: Dodged            |    16 |     6 ||    22
   Form: Dragon            |       |     1 ||     1

Table legend: (Time is in decaauts)
 A = Elapsed time spent in this place.
 B = Non-inter-level travel time spent in this place.
 C = Inter-level travel time spent in this place.
 D = Time resting spent in this place.
 E = Time spent auto-exploring this place.
 F = Levels seen in this place.
 G = Mean time per level.
                   A        B        C        D        E       F      G
               +--------+--------+--------+--------+--------+-----+--------+
         Total |   2742 |   2705 |     37 |     15 |   2265 |   3 |  914.0 |
       Dungeon |   2742 |   2705 |     37 |     15 |   2265 |   3 |  914.0 |
               +--------+--------+--------+--------+--------+-----+--------+

Top non-repeatable levels by time:
     D:1: 1022 daAuts
     D:3: 878 daAuts
     D:2: 840 daAuts
